 Dungeon Crawl Stone Soup version 0.23.2-40-g277498a001 (webtiles) character file.

Game seed: 17371944346254125890

1123 Kikorro the Cleaver (level 8, -2/69 HPs)
             Began as a Hill Orc Fighter on Sept 24, 2019.
             Was an Initiate of Makhleb.
             Slain by a water moccasin (6 damage)
             ... on level 5 of the Dungeon.
             The game lasted 00:13:51 (4346 turns).

Kikorro the Cleaver (Hill Orc Fighter)              Turns: 4346, Time: 00:13:53

Health: -2/69      AC: 12    Str: 21    XL:     8   Next: 35%
Magic:  8/8        EV:  8    Int:  8    God:    Makhleb [......]
Gold:   268        SH: 10    Dex: 10    Spells: 7/7 levels left

rFire    . . .     SeeInvis .   a - +0 war axe
rCold    . . .     Gourm    .   c - +0 shield
rNeg     . . .     Faith    .   b - +0 scale mail
rPois    .         Spirit   .   t - +0 helmet
rElec    .         Reflect  .   (no cloak)
rCorr    .         Harm     .   C - +2 pair of gloves {archery}
MR       .....                  (no boots)
Stlth    ..........             (no amulet)
HPRegen  0.21/turn              l - ring of flight
MPRegen  0.11/turn              (no ring)

@: lethally poisoned (-2 -> -11)
A: no striking features
a: Renounce Religion, Evoke Flight


You were on level 5 of the Dungeon.
You worshipped Makhleb.
Makhleb was noncommittal.
You were not hungry.

You visited 2 branches of the dungeon, and saw 6 of its levels.

You collected 268 gold pieces.

Inventory:

Hand Weapons
 a - a +0 war axe (weapon)
 y - a +2 flail of crushing
Armour
 b - a +0 scale mail (worn)
 c - a +0 shield (worn)
 t - a +0 helmet (worn)
 C - a +2 pair of gloves of archery (worn)
Jewellery
 l - a ring of flight (left hand)
Scrolls
 g - a scroll of enchant weapon {unknown}
 h - 3 scrolls of remove curse
 i - 2 scrolls of noise {unknown}
 k - a scroll of random uselessness {unknown}
 o - a scroll of enchant armour {unknown}
 q - a scroll of fear {unknown}
 r - 2 scrolls of fog {unknown}
 s - 2 scrolls of immolation {unknown}
 u - a scroll of teleportation {unknown}
 z - a scroll of blinking {unknown}
Potions
 d - a potion of might
 j - a potion of mutation
 m - a potion of ambrosia
 p - 2 potions of brilliance
 v - 3 potions of flight
 w - 3 potions of invisibility
 x - a potion of curing
Comestibles
 f - 12 rations


   Skills:
 + Level 5.5 Fighting
 + Level 8.5 Axes
 + Level 5.7 Armour
 + Level 2.0 Dodging
 - Level 0.1 Stealth
 + Level 5.3 Shields


You had 7 spell levels left.
You didn't know any spells.
Your spell library was empty.

Dungeon Overview and Level Annotations

Branches:
Dungeon (5/15)             Temple (1/1) D:5

Altars:
Ashenzari
Dithmenos
Elyvilon
Fedhas
Gozag
Hepliaklqana
Makhleb
Nemelex Xobeh
Okawaru
Ru
Trog
Xom
Yredelemnul
Zin
Lugonu


Message History

The water moccasin is almost dead.
You feel sick.
The water moccasin completely misses you.
The water moccasin bites you but does no damage.
You closely miss the water moccasin.
The water moccasin is almost dead.
You feel sick. You block the water moccasin's attack.
You miss the water moccasin.
The water moccasin is almost dead.
You feel sick.
The water moccasin bites you but does no damage.
The water moccasin bites you.
* * * LOW HITPOINT WARNING * * *
Your shield and scale mail prevent you from hitting the water moccasin.
The water moccasin is almost dead.
* * * LOW HITPOINT WARNING * * *
You feel sick. The water moccasin bites you.
* * * LOW HITPOINT WARNING * * *
The water moccasin bites you.
You die...

.. .(.# ## ... ...###
.... ###..
.....##...##..< ....
......... .... ...
....##... ...# .. ...#
... ...# .# ####...# #..
...# .###.#....#
#^###S.##..# ...._...###
#..†@....... ####...##
##..##........ ###....##
##)..##....$...
.##.....###...##.........
)##..#.......(##.........
....##..#..##.(##........
.......#####...(.......##
.#..#..## ##...........#
.##.##..# #..((.(.......


You could see a water moccasin.

Vanquished Creatures
  Grinder (D:4)
  The ghost of raetorn the Ruffian, an amateur DrTm (D:4)
  2 sky beasts (D:5)
  A centaur (D:5)
  A howler monkey (D:4)
  4 crimson imps
  A hound (D:5)
  An orc wizard (D:5)
  A worker ant (D:4)
  A hound zombie (D:5)
  A worker ant zombie (D:5)
  Robin (D:3)
  12 adders
  An adder skeleton (D:4)
  5 worms
  2 dart slugs
  4 leopard geckos
  6 orcs
  5 giant cockroaches
  11 goblins
  9 hobgoblins
  13 jackals
  2 quokkas (D:3)
  A ball python (D:2)
  8 bats
  8 frilled lizards
  13 kobolds
  A leopard gecko skeleton (D:5)
  5 rats
122 creatures vanquished.

Notes
Turn   | Place    | Note
-------+----------+-------------------------------------------
     0 | D:1      | Kikorro the Hill Orc Fighter began the quest for the Orb.
     0 | D:1      | Reached XP level 1. HP: 19/19 MP: 1/1
    81 | D:1      | Reached XP level 2. HP: 24/27 MP: 2/2
   230 | D:1      | Reached skill level 3 in Axes
   517 | D:1      | Reached XP level 3. HP: 32/33 MP: 3/3
  1117 | D:2      | Reached XP level 4. HP: 40/40 MP: 4/4
  1286 | D:2      | Reached skill level 4 in Axes
  2067 | D:3      | Reached XP level 5. HP: 44/46 MP: 5/5
  2275 | D:3      | Noticed Robin
  2283 | D:3      | Reached skill level 1 in Dodging
  2292 | D:3      | Killed Robin
  2411 | D:3      | Found a shattered altar of Ashenzari.
  2483 | D:3      | Reached skill level 5 in Axes
  2530 | D:3      | Found a blossoming altar of Fedhas.
  2850 | D:4      | Reached XP level 6. HP: 52/53 MP: 6/6
  2989 | D:4      | Found a hazy altar of Hepliaklqana.
  3005 | D:4      | Found a runed translucent door.
  3005 | D:4      | Noticed raetorn's ghost (amateur DrTm)
  3337 | D:4      | Found a sacrificial altar of Ru.
  3424 | D:4      | Noticed Grinder
  3429 | D:4      | Paralysed by Grinder for 5 turns
  3456 | D:4      | Paralysed by Grinder for 6 turns
  3463 | D:4      | Killed Grinder
  3463 | D:4      | Reached skill level 6 in Axes
  3463 | D:4      | Reached XP level 7. HP: 34/60 MP: 7/7
  3599 | D:4      | Reached skill level 5 in Fighting
  3784 | D:4      | Found a glowing silver altar of Zin.
  3946 | D:4      | Killed raetorn's ghost
  3946 | D:4      | Reached skill level 7 in Axes
  3946 | D:4      | Reached skill level 5 in Armour
  3994 | D:5      | Entered Level 5 of the Dungeon
  4092 | D:5      | Found a staircase to the Ecumenical Temple.
  4115 | Temple   | Entered the Ecumenical Temple
  4157 | Temple   | Became a worshipper of Makhleb the Destroyer
  4219 | D:5      | Found a basalt altar of Yredelemnul.
  4230 | D:5      | Reached skill level 5 in Shields
  4246 | D:5      | Reached XP level 8. HP: 66/68 MP: 8/8
  4287 | D:5      | Reached skill level 8 in Axes
  4346 | D:5      | Slain by a water moccasin

Skill      XL: |  1  2  3  4  5  6  7  8 |
---------------+-------------------------+-----
Axes           | 3 4 5 6 7 8 |  8.5
Fighting       | 4 5 |  5.5
Armour         | 4 5 |  5.7
Shields        | 4 5 |  5.3
Dodging        | 1 2 |  2.0
Stealth        | |  0.1

Action                   |  1- 3 |  4- 6 |  7- 9 || total
-------------------------+-------+-------+-------++-------
Melee: War axe           |   105 |   185 |   123 ||   413
  Use: Scroll            |       |     6 |     2 ||     8
       Potion            |       |       |     2 ||     2
  Eat: Chunk             |     1 |     7 |       ||     8
       Ration            |       |       |     1 ||     1
Armor: Scale mail        |    69 |   103 |    70 ||   242
Dodge: Dodged            |    43 |    74 |    35 ||   152
Block: Shield            |    52 |    89 |    64 ||   205
